 Dungeon Crawl Stone Soup version 0.30.1-9-gdf580d7c3d (webtiles) character file.

Game seed: 11006725512180266819

345 lonewolfV2 the Caller (level 6, -3/25 HPs)
             Began as a Felid Summoner on Sept 27, 2023.
             Slain by a nameless horror (6 damage)
             ... created by miscasting Summon Lightning Spire
             ... on level 4 of the Dungeon.
             The game lasted 00:13:44 (6807 turns).

lonewolfV2 the Caller (Felid Summoner)              Turns: 6807, Time: 00:13:44

Health: -3/25      AC:  2    Str:  4    XL:     6   Next: 32%
Magic:  1/13       EV: 18    Int: 25    God:
Gold:   194        SH:  0    Dex: 16    Spells: 3/13 levels left
                                        Lives:  0   Deaths: 1

rFire   . .          .
                       - Unarmed
rCold   . . .        (shield unavailable)
rNeg    . . .        (body armour unavailable)
rPois   .            (helmet unavailable)
rElec   .            (cloak unavailable)
rCorr   .            (gloves unavailable)
SInv    +            (boots unavailable)
Will    .....        (no amulet)
Stlth   ++           f - +6 ring of intelligence
HPRegen 0.24/turn    (no ring)
MPRegen 0.13/turn

%: no passive effects
@: marked, quick
A: very small, claws 1, fangs 3, see invisible, speed 1, shaggy fur 2, stealthy
paws, no weapons or thrown items, no armour, multi-lived
a: no special abilities


You were on level 4 of the Dungeon.
You visited 1 branch of the dungeon, and saw 5 of its levels.

You collected 194 gold pieces.

Inventory:

Jewellery
 f - a +6 ring of intelligence (left paw)
Wands
 j - a wand of flame (30)
Scrolls
 c - 2 scrolls of identify
 d - a scroll of enchant armour {unknown}
 e - 3 scrolls of teleportation
Potions
 a - 3 potions of magic
 b - 3 potions of curing
 g - 2 potions of ambrosia
 h - a potion of cancellation
 i - a potion of flight


   Skills:
 + Level 0.4 Fighting
 + Level 3.5 Dodging
 + Level 3.2 Stealth
 + Level 1.2 Unarmed Combat
 + Level 4.4 Spellcasting
 + Level 5.7 Summonings
 + Level 0.5 Air Magic


You had 3 spell levels left.
You knew the following spells:

 Your Spells              Type           Power      Damage    Failure   Level
a - Summon Small Mammal   Summ           100%       N/A       1%          1
b - Call Imp              Summ           68%        N/A       1%          2
c - Summon Lightning Spi  Summ/Air       21%        N/A       24%         4
d - Call Canine Familiar  Summ           34%        N/A       2%          3

Your spell library contained the following spells:

 Spells                   Type           Power      Damage    Failure   Level
 Summon Guardian Golem    Hex/Summ       19%        N/A       9%          3
 Cigotuvi's Dreadful Rot  Necr/Pois/Air  12%        N/A       12%         2
 Ensorcelled Hibernation  Hex/Ice        10%        N/A       13%         2
 Spider Form              Tmut/Pois      5%         N/A       26%         3
 Stone Arrow              Conj/Erth      10%        3d7       26%         3
 Anguish                  Hex/Necr       2%         N/A       65%         4
 Dispel Undead            Necr           5%         3d7       65%         4
 Death Channel            Necr           2%         N/A       100%        6
 Lehudib's Crystal Spear  Conj/Erth      2%         10d2      100%        8
 Animate Armour           Summ/Erth      Unusable   N/A       N/A         4

Dungeon Overview and Level Annotations

Branches:
Dungeon (5/15)
 Temple: D:4-7

Altars:
Makhleb
Nemelex Xobeh
Trog
Vehumet
Zin

Shops:
D:4 [


Innate Abilities, Weirdness & Mutations

You have sharp claws.
You have razor-sharp teeth.
You have supernaturally acute eyesight. (SInv)
You cover ground quickly. (Speed+)
You are covered in thick fur. (AC +2)
Your paws help you pounce on unaware monsters.
You are incapable of wielding weapons or throwing items.
You cannot wear armour.
You gain extra lives every three experience levels.


Message History

The nameless horror hits you.
You climb upwards.
There is a stone staircase leading down here.
You scratch the phantom.
The phantom is lightly damaged.
The phantom closely misses you. The iguana bites you!
* * * LOW HITPOINT WARNING * * *
The nameless horror misses you.
You closely miss the phantom.
The phantom is lightly damaged.
The phantom misses you. The iguana barely misses you.
The nameless horror misses you.
Casting: Summon Lightning Spire (astonishingly dangerous; 24% risk of failure)
Confirm with . or Enter, or press ? or * to list all spells.
You don't have enough magic to cast this spell.
The phantom barely misses you.
Casting: Summon Lightning Spire (astonishingly dangerous; 24% risk of failure)
Confirm with . or Enter, or press ? or * to list all spells.
Your magical contamination has completely faded away.
Casting: Summon Small Mammal (safe; 1% risk of failure)
Confirm with . or Enter, or press ? or * to list all spells.
You don't have enough magic to cast this spell.
Your quokka bites the nameless horror.
The iguana bites you.
* * * LOW HITPOINT WARNING * * *
Your quokka barely misses the nameless horror.
Send 'em back where they came from!
Your quokka shudders.
You scratch the iguana but do no damage.
Your quokka bites the nameless horror but does no damage.
The iguana misses you. The phantom closely misses you.
Send 'em back where they came from!
Your quokka disappears in a puff of smoke!
Unknown command.
You scratch the iguana but do no damage.
The phantom hits you but does no damage.
The iguana closely misses you. The nameless horror barely misses you.
Unknown command.
You closely miss the iguana. The phantom barely misses you.
The iguana misses you. The nameless horror hits you.
You die...

..## ##.......# ###
...## ##......# ###.#
....##
#......####..##
##...##
#......#....##
###...##
##..........##
##...###..........##
###..............##
##...>....XlW...#
##........@..###
#..##.(...### #####
##..#.....##
....###.........##
###.....##.......####
# ###..####.####....#
#.## #.# ##.### ###
### ###


You could see a nameless horror, a phantom and an iguana.

Vanquished Creatures
  An orc wizard (D:3)
  A gnoll (D:4)
  An adder (D:5)
  An orc (D:3)
  3 bats
  2 endoplasms
  A giant cockroach (D:3)
  A goblin (D:1)
  2 hobgoblins
  2 jackals (D:1)
  3 kobolds
  A quokka (D:2)
19 creatures vanquished.

Vanquished Creatures (collateral kills)
  An ogre (D:3)
  A scorpion (D:5)
  A crimson imp (D:5)
  An iguana (D:4)
  3 adders
  2 gnolls (D:4)
  2 worms
  3 dart slugs
  2 orcs
  3 ball pythons
  4 bats
  3 endoplasms
  4 giant cockroaches
  8 goblins
  5 hobgoblins
  4 jackals
  7 kobolds
  3 quokkas
  3 frilled lizards
  6 rats
66 creatures vanquished.

Grand Total: 85 creatures vanquished

Notes
Turn   | Place    | Note
-------+----------+-------------------------------------------
     0 | D:1      | lonewolfV2 the Felid Summoner began the quest for the Orb.
     0 | D:1      | Reached XP level 1. HP: 7/7 MP: 4/4
   475 | D:1      | Reached XP level 2. HP: 11/11 MP: 4/6
   644 | D:1      | Learned a level 2 spell: Call Imp
  1191 | D:1      | Reached XP level 3. HP: 14/14 MP: 3/7
  2654 | D:3      | Found a bloodstained altar of Trog.
  2783 | D:3      | Reached XP level 4. HP: 18/18 MP: 6/9
  2980 | D:3      | Found a sparkling altar of Nemelex Xobeh.
  3157 | D:3      | Killed from afar by a goblin
  3158 | D:3      | Reached XP level 3. HP: -4/14 MP: 6/8
  3499 | D:3      | Noticed an ogre
  3516 | D:3      | Killed an ogre
  3517 | D:3      | Reached skill level 1 in Unarmed Combat
  3517 | D:3      | Reached skill level 5 in Summonings
  3517 | D:3      | Reached XP level 4. HP: 14/18 MP: 3/10
  3517 | D:3      | Reached XP level 5. HP: 17/21 MP: 3/11
  4001 | D:3      | Learned a level 4 spell: Summon Lightning Spire
  4064 | D:3      | Found a radiant altar of Vehumet.
  4069 | D:3      | Learned a level 3 spell: Call Canine Familiar
  5723 | D:4      | Found Odghasole's Armour Emporium.
  6300 | D:5      | Entered Level 5 of the Dungeon
  6585 | D:5      | Found a burning altar of Makhleb.
  6589 | D:5      | Gained mutation: You are covered in thick fur. (AC +2)
                  | [Felid growth]
  6589 | D:5      | Reached XP level 6. HP: 25/25 MP: 13/13
  6670 | D:5      | Found a glowing silver altar of Zin.
  6728 | D:5      | Noticed a nameless horror
  6788 | D:5      | Noticed a nameless horror
  6807 | D:4      | Slain by a nameless horror

Illustrated notes

Levels and vault maps discovered:
D:1:      dpeg_arrival_round_a, layout_basic, st_stairs_6
D:2:      layout_loops_ring, chequers_serial_rivers_micro_d
D:3:      layout_rooms, pf_just_have_faith, trog_book,
          mainiacjoe_overflow_alcove_1, minivault_27, minmay_joined_circles
D:4:      layout_layer_cave, serial_shops, shop
D:5:      layout_gridville, makhleb_grotto_becter,
          mainiacjoe_overflow_surrounded_room

Skill      XL: |  1  2  3  4  5 |
---------------+----------------+-----
Dodging        | 3 |  3.5
Spellcasting   | 3 4 |  4.4
Stealth        | 3 |  3.2
Unarmed Combat | 1 |  1.2
Summonings     | 5 |  5.7
Fighting       | |  0.4
Air Magic      | |  0.5

Action                     |  1- 3 |  4- 6 || total
---------------------------+-------+-------++-------
  Melee: Unarmed           |    86 |    38 ||   124
         Bite              |     7 |     4 ||    11
         Punch             |       |     2 ||     2
   Cast: Summon Small Mamm |    51 |    27 ||    78
         Call Imp          |    20 |    19 ||    39
         Call Canine Famil |       |    12 ||    12
         Summon Lightning  |       |     3 ||     3
    Use: Scroll            |     5 |     6 ||    11
         Potion            |     1 |     1 ||     2
   Stab: Sleeping          |     1 |       ||     1
 Armour: Skin              |    12 |     5 ||    17
  Dodge: Dodged            |   135 |    94 ||   229
